 Dungeon Crawl Stone Soup version 0.22-a0-283-g1871b15 (webtiles) character file.

72 nikopol the Firebug (level 4, -1/24 HPs)
             Began as a Deep Elf Fire Elementalist on Mar 19, 2018.
             Slain by a gnoll
             ... wielding a +0 spear
              (11 damage)
             ... on level 2 of the Dungeon.
             The game lasted 00:04:49 (2393 turns).

nikopol the Firebug (Deep Elf Fire Elementalist)    Turns: 2393, Time: 00:04:50

Health: -1/24      AC:  0    Str:  5    XL:     4   Next: 6%
Magic:  5/11       EV: 13    Int: 21    God:
Gold:   48         SH:  0    Dex: 15    Spells: 4/10 levels left

rFire    . . .     SeeInvis .   b - +0 dagger
rCold    . . .     Gourm    .   (no shield)
rNeg     . . .     Faith    .   h - -2 robe (curse)
rPois    .         Spirit   .   (no helmet)
rElec    .         Reflect  .   (no cloak)
rCorr    .         Harm     .   (no gloves)
MR       .....                  (no boots)
Stlth    ++........             (no amulet)
HPRegen  0.08/turn              (no ring)
MPRegen  0.12/turn              (no ring)

@: very slightly contaminated
A: no striking features
a: no special abilities


You were on level 2 of the Dungeon.
You were hungry.

You visited 1 branch of the dungeon, and saw 2 of its levels.

You collected 48 gold pieces.

Inventory:

Hand Weapons
 b - a +0 dagger (weapon)
Armour
 a - a +0 robe
 h - a cursed -2 robe (worn)
Jewellery
 i - a +4 amulet of reflection {unknown}
Scrolls
 f - a scroll of amnesia {unknown}
 j - a scroll of random uselessness {unknown}
 k - 2 scrolls of identify {unknown}
 n - a scroll of noise {unknown}
 p - a scroll of fog {unknown}
 q - a scroll of teleportation {unknown}
Potions
 d - a potion of agility {unknown}
 e - a potion of flight {unknown}
 g - a potion of curing
 l - a potion of cancellation {unknown}
 m - a potion of degeneration {unknown}
 o - a potion of heal wounds {unknown}
Comestibles
 c - 5 rations


   Skills:
 + Level 2.5 Dodging
 + Level 3.4 Stealth
 + Level 3.6 Spellcasting
 + Level 1.9 Conjurations
 + Level 4.3 Fire Magic


You had 4 spell levels left.
You knew the following spells:

 Your Spells              Type           Power        Failure   Level  Hunger
a - Flame Tongue          Conj/Fire      ###..        3%          1    None
b - Throw Flame           Conj/Fire      ###...       5%          2    ##.....
c - Conjure Flame         Conj/Fire      ###.....     11%         3    ###....


Dungeon Overview and Level Annotations

Branches:
Dungeon (2/15)

Altars:
Fedhas


Message History

Aim: a gnoll, wielding a spear and wearing a tubular ruby ring (moderately wounded)
The flame tongue hits the gnoll.
The gnoll appears unharmed.
The gnoll is moderately wounded.
The gnoll barely misses you.
Casting: Flame Tongue (safe; 3% risk of failure)
Confirm with . or Enter, or press ? or * to list all spells.
Aiming: Flame Tongue (safe; 3% risk of failure)
Press: ? - help, Shift-Dir - straight line, f/p - gnoll
Aim: a gnoll, wielding a spear and wearing a tubular ruby ring (moderately wounded)
The flame tongue hits the gnoll.
The gnoll resists.
The gnoll is severely wounded.
The gnoll drinks a potion.
The gnoll is healed!
Casting: Flame Tongue (safe; 3% risk of failure)
Confirm with . or Enter, or press ? or * to list all spells.
Aiming: Flame Tongue (safe; 3% risk of failure)
Press: ? - help, Shift-Dir - straight line, f/p - gnoll
Aim: a gnoll, wielding a spear and wearing a tubular ruby ring (lightly wounded)
The flame tongue misses the gnoll.
The gnoll hits you from afar with a spear!
You die...

### #.....# ##)# #..... #####.#
#)# #..... #.## #)#####..... #..#
##.#......... ..# ##.#
####............ ..# #.####
#......####..... ..#
#....###.###..# ###### ..#
####.....#....# ..# ###@.....###
.# ###.....### .##
#########.g..#....#
..###.........####.##.##
......#######.##...##..#
....(########.##.#####.####
...#.)..>.#...#...........##
.................(<.)).....######
...#######.....#.....)..(........


You could see a gnoll.

Vanquished Creatures
  2 gnolls (D:2)
  An adder (D:2)
  An ooze (D:2)
  A worm (D:2)
  2 dart slugs
  2 leopard geckos (D:1)
  2 bats (D:1)
  A giant cockroach (D:2)
  4 goblins
  5 hobgoblins
  3 frilled lizards
  3 kobolds
  5 rats (D:1)
32 creatures vanquished.

Notes
Turn   | Place    | Note
-------+----------+-------------------------------------------
     0 | D:1      | nikopol the Deep Elf Fire Elementalist began the quest for the Orb.
     0 | D:1      | Reached XP level 1. HP: 10/10 MP: 6/6
   177 | D:1      | Reached XP level 2. HP: 4/15 MP: 2/8
   490 | D:1      | Reached skill level 4 in Fire Magic
  1285 | D:2      | Found a blossoming altar of Fedhas.
  1291 | D:1      | Learned a level 2 spell: Throw Flame
  1442 | D:2      | Reached XP level 3. HP: 19/19 MP: 5/9
  1447 | D:2      | Learned a level 3 spell: Conjure Flame
  1934 | D:2      | Reached XP level 4. HP: 24/24 MP: 8/11
  2393 | D:2      | Slain by a gnoll

Vault maps used:
D:1:      minmay_arrival_three_doors, minmay_misc_feat_roman
D:2:      fedhas_altar_2, first_ration, minmay_pentomino_w4

Skill      XL: |  1  2  3 |
---------------+----------+-----
Fire Magic     | 4 |  4.3
Stealth        | 3 |  3.4
Dodging        | |  2.5
Spellcasting   | |  3.6
Conjurations   | |  1.9

Action                   |  1- 3 |  4- 6 || total
-------------------------+-------+-------++-------
Melee: Dagger            |       |     1 ||     1
 Cast: Flame Tongue      |    54 |    21 ||    75
       Throw Flame       |     7 |     1 ||     8
  Eat: Chunk             |     2 |     2 ||     4
Armor: Robe              |     3 |       ||     3
Dodge: Dodged            |    17 |     2 ||    19

Table legend:
 A = Spawn XP
 B = Non-spawn XP
 C = Spawn XP percentage of total XP
 D = Spawn monster count
 E = Non-spawn monster count
 F = Spawn count percentage of total count
 G = Total turns spent on level
                    A         B        C        D         E        F      G
               +---------+---------+-------+---------+---------+-------+---------
         Total |       0 |     103 |   0.0 |       0 |      32 |   0.0 |  2393
               +---------+---------+-------+---------+---------+-------+---------
           D:1 |       0 |      30 |   0.0 |       0 |      18 |   0.0 |  1450
           D:2 |       0 |      73 |   0.0 |       0 |      14 |   0.0 |   943
               +---------+---------+-------+---------+---------+-------+---------
